 Dungeon Crawl Stone Soup version 0.26.1-11-gd32895ea62 (webtiles) character file.

Game seed: 16442956756877058618

45 ABBCCCDDDD the Skirmisher (level 3, -12/26 HPs)
             Began as an Octopode Chaos Knight on July 8, 2021.
             Was a Plaything of Xom.
             Killed from afar by a steam dragon (25 damage)
             ... with a ball of steam
             ... on level 2 of the Dungeon.
             The game lasted 00:02:15 (2115 turns).

ABBCCCDDDD the Skirmisher (Octopode Chaos Knight)   Turns: 2115, Time: 00:02:19

Health: -12/26     AC:  1    Str: 11    XL:     3   Next: 64%
Magic:  3/3        EV: 14    Int: 15    God:    Xom [....*.]
Gold:   35         SH:  0    Dex: 11    Spells: 2/2 levels left

rFire    . . .     SeeInvis .   a - +0 falchion (chaos)
rCold    . . .     Faith    .   (no shield)
rNeg     . . .     Spirit   .   (helmet restricted)
rPois    .         Reflect  .   (no amulet)
rElec    .         Harm     .   (no ring)
rCorr    .         Rampage  .   (no ring)
Will     .....                  (no ring)
Stlth    ++........             (no ring)
HPRegen  0.08/turn              (no ring)
MPRegen  0.08/turn              (no ring)
                                (no ring)
                                (no ring)

@: no status effects
A: almost no armour, stealthy swim, amphibious, 8 rings, constrict 8, camouflage
1, gelatinous body 1
a: Renounce Religion


You were on level 2 of the Dungeon.
You worshipped Xom.
You were a beloved toy of Xom.
You visited 1 branch of the dungeon, and saw 2 of its levels.

You collected 35 gold pieces.

Inventory:

Hand Weapons
 a - a +0 falchion of chaos (weapon)
Missiles
 e - 41 stones
 i - 2 atropa-tipped darts (quivered)
 l - 7 silver javelins
Scrolls
 c - 3 scrolls of identify {unknown}
 f - 2 scrolls of fear {unknown}
 g - a scroll of magic mapping {unknown}
 m - a scroll of remove curse {unknown}
Potions
 b - a potion of resistance {unknown}
 d - 3 potions of might {unknown}
 h - a potion of degeneration {unknown}
 j - a potion of brilliance {unknown}
 k - a potion of cancellation {unknown}


   Skills:
 + Level 3.6 Fighting
 + Level 3.5 Long Blades
 + Level 3.0 Dodging


You had 2 spell levels left.
You didn't know any spells.
Your spell library was empty.

Dungeon Overview and Level Annotations

Branches:
Dungeon (2/15)

Altars:
Okawaru
Xom

Annotations:
D:2 Natasha


Innate Abilities, Weirdness & Mutations

You cannot wear most types of armour.
You are very stealthy in the water. (Stealth+)
You are amphibious.
You can wear up to eight rings at the same time.
You can use your tentacles to constrict eight enemies at once.
Your skin changes colour to match your surroundings (Stealth+).
Your rubbery body absorbs attacks. (AC +1, EV +1)


Message History

You climb upwards.
There is a stone staircase leading down here.
You start resting.
HP restored.
You climb downwards.
Level annotation: Natasha The steam dragon closely misses you. x2
There is a stone staircase leading up here.
You hit the steam dragon but do no damage.
You squeeze the steam dragon!
The steam dragon is moderately wounded.
The steam dragon closely misses you. The steam dragon claws you.
You hit the steam dragon but do no damage.
The steam dragon is moderately wounded.
The steam dragon bites you! The steam dragon claws you.
The steam dragon breathes steam at you. The ball of steam hits you!!
Ouch! That really hurt!
You die...
Xom chortles!

#### ##... ###
.... ... ##..#
.. ### #...# #.
#... ###..# .
#....#####...#
#
#.......D....#
##
#.)....@.#..##
#.
#...>......##
#######.
#..........!...
........
#........######
.......#
#####....#
.####### #....#
# #....# #....#


You could see a steam dragon (catching breath).

Vanquished Creatures
  A gnoll (D:2)
  4 leopard geckos
  A giant cockroach (D:1)
  6 goblins
  2 hobgoblins (D:1)
  4 jackals (D:1)
  3 bats
  5 kobolds (D:1)
  3 rats
29 creatures vanquished.

Notes
Turn   | Place    | Note
-------+----------+-------------------------------------------
     0 | D:1      | ABBCCCDDDD the Octopode Chaos Knight began the quest for
                  | the Orb.
     0 | D:1      | Reached XP level 1. HP: 16/16 MP: 1/1
   313 | D:1      | Reached XP level 2. HP: 15/21 MP: 2/2
   348 | D:1      | XOM: silly message
   614 | D:1      | XOM: divination: detect items
   701 | D:1      | XOM is BORED!
   701 | D:1      | XOM: summons 1 hostile demon
  1050 | D:1      | XOM: god gift: 4 atropa-tipped darts
  1159 | D:1      | Reached XP level 3. HP: 23/26 MP: 3/3
  1395 | D:2      | Noticed Natasha
  1445 | D:2      | Found an iron altar of Okawaru.
  1449 | D:2      | XOM: god gift: 7 silver javelins
  1483 | D:2      | XOM: fog
  1507 | D:2      | Found a faded altar of an unknown god.
  1507 | D:2      | XOM: butterfly on damage
  1778 | D:1      | XOM: scenery: create altars
  1910 | D:2      | Noticed a steam dragon
  1910 | D:2      | a worm changed into a steam dragon
  1912 | D:2      | XOM: confuse monster(s)
  2115 | D:2      | Killed from afar by a steam dragon

Illustrated notes

Levels and vault maps discovered:
D:1:      dpeg_arrival_fog, layout_loops_ring
D:2:      layout_rooms, okawaru_metal_pillars_1_2,
          chequers_ecumenical_altar_simple_redux, uniq_natasha

Skill      XL: |  1  2  3 |
---------------+----------+-----
Dodging        | 3 |  3.0
Fighting       | |  3.6
Long Blades    | |  3.5

Action                   || total
-------------------------++-------
Melee: Falchion          ||    64
       Constrict         ||    19
       Tentacles         ||     9
Throw: Dart              ||     2
 Stab: Sleeping          ||     5
       Confused          ||     1
Armor: Skin              ||     3
Dodge: Dodged            ||    47
       Rpst.: Falchion   ||    12
